AoeStats
← Ed

Nomad

507889094Analyzed
4v4 RM · 13d ago on Sep 20, 2026· 23m 52s· 8 players
Game mode
Random Map
Map size
231×231
Population
200
Speed
Normal
Resources
Standard
Victory
Conquest
Starting age
Dark Age
Ending age
Imperial Age
RankedLock teamsTeams togetherTeam positionsShared explorationLock speedFull tech treeHidden civsTurbo modeCheats
Victory
Defeat
🇧🇷 Vietnamese · Brazil
1839
+6
🇧🇷 Spanish · Brazil
1779
+8
🇧🇷 Dravidians · Brazil
1666
+12
🇧🇷 Lithuanians · Brazil
1635
+14
🇨🇳 Magyars · China
1669
-12
🇹🇼 Spanish · Taiwan
1638
-12
🇬🇹 Italians · Guatemala
1590
-10
🇦🇷 Vikings · Argentina
1449
-6
小白
4:46 Loom
13:50 Feudal Age
19:46 Castle Age
17:38 Double-Bit Axe
22:43 Wheelbarrow
Ed
3:16 Loom
14:05 Feudal Age
14:40 Town Watch
15:25 Double-Bit Axe
22:57 Castle Age
21:25 Fletching
24:14 Bodkin Arrow
P0rr1dg3
11:27 Loom
13:37 Feudal Age
17:09 Castle Age
16:24 Double-Bit Axe
16:43 Stone Mining
16:57 Fishing Lines
19:13 Bow Saw
19:03 Town Watch
19:28 Husbandry
22:45 Gillnets
Erebor.
4:49 Loom
15:00 Feudal Age
18:34 Castle Age
16:53 Town Watch
16:54 Double-Bit Axe
17:11 Horse Collar
19:14 Fletching
19:56 Crossbowman
Fs.Nx Imperial
5:43 Loom
12:14 Feudal Age
20:22 Castle Age
19:28 Forging
22:50 Scale Barding Armor
24:05 Bloodlines
Fs.Mareonix
4:57 Loom
13:11 Feudal Age
17:11 Castle Age
16:20 Gold Mining
18:13 Double-Bit Axe
18:10 Horse Collar
18:52 Fletching
Fs.Nicolau Mendes
4:28 Loom
13:58 Feudal Age
14:51 Double-Bit Axe
17:39 Castle Age
16:02 Gold Mining
16:44 Fletching
19:02 Medium Warships
18:21 Crossbowman
19:33 Medium Warships
19:43 Bodkin Arrow
21:11 Padded Archer Armor
21:50 Medium Warships
23:03 Ballistics
24:35 Leather Archer Armor
Fs.Alive
2:59 Loom
14:36 Feudal Age
18:54 Castle Age
18:09 Double-Bit Axe
18:18 Stone Mining
20:21 Bow Saw
20:18 Gold Mining
20:42 Fletching
21:34 Padded Archer Armor
Connection lost

Rejoining the realm…

Still unreachable

The connection could not be restored.

Session expired

The server has moved on; the page needs a fresh start.